 Dungeon Crawl Stone Soup version 0.31-a0-743-g45f7035092 (webtiles) character file.

Game seed: 14369604001947568384

191647 heikuro the Severer (level 18, -3/146 (149) HPs)
             Began as a Formicid Fighter on Sept 13, 2023.
             Was a High Priest of Okawaru.
             Killed from afar by a deep elf zephyrmancer (23 damage)
             ... with a bolt of lightning
             ... on level 2 of the Orcish Mines.
             The game lasted 01:34:33 (29829 turns).

heikuro the Severer (Formicid Fighter)             Turns: 29829, Time: 01:34:34

HP:   -3/146 (149)  AC: 43    Str: 28    XL:     18   Next: 88%
MP:   29/29         EV: 11    Int: 13    God:    Okawaru [*****.]
Gold: 1761          SH: 18    Dex: 13    Spells: 17/17 levels left

rFire   + . .        a - +4 war axe (flame)
rCold   x . .        R - +2 kite shield {rF+}
rNeg    + . .        J - +8 plate armour {ponderous}
rPois   +            (helmet unavailable)
rElec   .            P - +2 cloak
rCorr   .            H - +2 pair of gloves {Stlth+}
SInv    +            h - +2 pair of boots
Will    +....        V - amulet of regeneration
Stlth   +            f - ring "Yhumny" {rPois rC- rN+ Int+4 Slay+6}
HPRegen 1.24/turn    s - +4 ring of protection
MPRegen 0.21/turn

%: no passive effects
@: heroic, lightly drained, slow
A: permanent stasis, dig shafts and tunnels, antennae 3, four strong arms, fangs
1, camouflage 1, screaming 1, sturdy frame 1
}: 1/15 runes: serpentine
a: Dig, Shaft Self, Renounce Religion, Heroism, Finesse, Duel


You were on level 2 of the Orcish Mines.
You worshipped Okawaru.
Okawaru was extremely pleased with you.
You visited 6 branches of the dungeon, and saw 26 of its levels.
You also visited: Ossuary, Bailey and Ice Cave.

You collected 2859 gold pieces.
You spent 1098 gold pieces at shops.

Inventory:

Hand Weapons
 a - a +4 war axe of flaming (weapon)
 b - a +3 glaive of flaming
 e - a +0 battleaxe of freezing
 o - a +2 war axe of venom
 U - a +8 lajatang of electrocution
Missiles
 i - 2 throwing nets
 q - 3 curare-tipped darts (quivered)
 x - 20 poisoned darts
Armour
 h - a +2 pair of boots (worn)
 k - the +7 chain mail of the Tarantula {rC+ MP+9 Str+3 Int+2}
   (Okawaru gifted it to you on level 2 of the Snake Pit)

   Str+3:     It affects your strength (+3).
   Int+2:     It affects your intelligence (+2).
   rC+:       It protects you from cold.
   MP+9:      It affects your magic capacity (+9).
 H - a +2 pair of gloves of stealth (worn)
 I - +2 storm dragon scales
 J - a +8 plate armour of ponderousness (worn)
 M - a +0 pair of gloves of infusion
 P - a +2 cloak (worn)
 R - a +2 kite shield of fire resistance (worn)
Jewellery
 f - the ring "Yhumny" (left hand) {rPois rC- rN+ Int+4 Slay+6}
   (You bought it in a shop on level 2 of the Snake Pit)

   [ring of poison resistance]

   Int+4:     It affects your intelligence (+4).
   Slay+6:    It affects your accuracy & damage with ranged weapons and melee
   (+6).
   rC-:       It makes you vulnerable to cold.
   rPois:     It protects you from poison rN+: It protects you from negative
   energy.
 s - a +4 ring of protection (right hand)
 F - a +4 ring of protection
 K - an amulet of guardian spirit
 L - a ring of protection from cold
 O - a ring of positive energy
 T - a +6 ring of strength
 V - an amulet of regeneration (around neck)
Wands
 n - a wand of paralysis (21)
 r - a wand of light (15)
 u - a wand of flame (13)
 y - a wand of iceblast (32)
 Q - a wand of mindburst (15)
 Z - a wand of digging (18)
Scrolls
 c - 4 scrolls of enchant armour
 g - 2 scrolls of immolation
 l - 5 scrolls of fog
 w - 3 scrolls of amnesia
 B - 4 scrolls of poison
 E - 4 scrolls of fear
 G - 3 scrolls of revelation
 N - 7 scrolls of identify
 S - 2 scrolls of torment
 X - 2 scrolls of vulnerability
 Y - a scroll of enchant weapon
Potions
 d - 6 potions of might
 j - a potion of mutation
 m - 2 potions of lignification
 p - 3 potions of cancellation
 t - a potion of enlightenment
 v - 7 potions of brilliance
 z - 9 potions of ambrosia
 A - 15 potions of curing
 C - a potion of heal wounds
 D - 2 potions of attraction
 W - a potion of experience


   Skills:
 + Level 15.4(20.4) Fighting
 * Level 17.7(22.7) Axes
 + Level 15.3(20.3) Armour
 + Level 17.7(22.7) Shields
 + Level 15.4 Invocations
 + Level 7.2 Evocations


You had 17 spell levels left.
You didn't know any spells.
Your spell library contained the following spells:

 Spells                   Type           Power      Damage    Failure   Level
 Magic Dart               Conj           0%         1d3       75%         1
 Slow                     Hex            0%         N/A       75%         1
 Ensorcelled Hibernation  Hex/Ice        0%         N/A       86%         2
 Passwall                 Tmut/Erth      0%         N/A       86%         2
 Searing Ray              Conj           0%         2d4       86%         2
 Sublimation of Blood     Necr           0%         N/A       86%         2
 Confusing Touch          Hex            0%         N/A       98%         3
 Dazzling Flash           Conj/Hex       0%         N/A       98%         3
 Frozen Ramparts          Ice            0%         1d1       98%         3
 Gell's Gravitas          Tloc           0%         N/A       98%         3
 Sigil of Binding         Hex            0%         N/A       98%         3
 Teleport Other           Tloc           0%         N/A       98%         3
 Vampiric Draining        Necr           0%         2d6       98%         3
 Volatile Blastmotes      Fire/Tloc      0%         2d10      98%         3
 Fulminant Prism          Conj/Hex       0%         3d5       100%        4
 Iskenderun's Mystic Bla  Conj/Tloc      0%         2d3       100%        4
 Leda's Liquefaction      Hex/Erth       0%         N/A       100%        4
 Petrify                  Tmut/Erth      0%         N/A       100%        4
 Agony                    Necr           0%         N/A       100%        5
 Arcjolt                  Conj/Air       0%         1d10      100%        5
 Metabolic Englaciation   Hex/Ice        0%         N/A       100%        5
 Silence                  Hex/Air        0%         N/A       100%        5
 Dispersal                Tloc           0%         N/A       100%        6
 Plasma Beam              Fire/Air       0%         2x1d10    100%        6
 Chain Lightning          Conj/Air       0%         N/A       100%        9
 Fire Storm               Conj/Fire      0%         5d1       100%        9
 Shatter                  Erth           0%         3d5*      100%        9
 Swiftness                Air            Unusable   N/A       N/A         3
 Vhi's Electric Charge    Tloc/Air       Unusable   N/A       N/A         4
 Death Channel            Necr           Unusable   N/A       N/A         6
 Simulacrum               Ice/Necr       Unusable   N/A       N/A         6

Dungeon Overview and Level Annotations

Branches:
Dungeon (13/15)            Temple (1/1) D:5            Lair (5/5) D:11
 Shoals (0/4) Lair:2        Snake (4/4) Lair:2        Slime (0/5) Lair:5
    Orc (2/2) D:10            Elf (1/3) Orc:2       Ossuary (visited)
 Bailey (visited)           IceCv (visited)
 Vaults: D:13-14

Altars:
Ashenzari
Cheibriados
Dithmenos
Elyvilon
Fedhas
Gozag
Hepliaklqana
Kikubaaqudgha
Makhleb
Nemelex Xobeh
Okawaru
Qazlal
Ru
Sif Muna
Trog
Uskayaw
Vehumet
Wu Jian
Xom
Yredelemnul
Zin
The Shining One

Shops:
D:4 =   D:13 *   Orc:2 !(=!*   Snake:1 *   Snake:2 =

Portals:
Abyss: Snake:2

Annotations:
Snake:2 2 transporters, relicbr's ghost, adept TeAE
Snake:4 3 runed translucent doors, Eshruez's ghost, adept DEIE; Laelyol's ghost, adept MiBe; Miduta's ghost, journeyman DsNe; Roemi Joo's ghost, journeyman FeCK


Innate Abilities, Weirdness & Mutations

You cannot be hasted, slowed, berserked, paralysed or teleported.
You can dig through walls and to a lower floor.
You have a pair of large antennae on your head. (SInv)
Your four strong arms can wield two-handed weapons with a shield.
You have very sharp teeth.
Your skin changes colour to match your surroundings (Stealth+).
You occasionally shout uncontrollably at your foes.
Your movements are slightly less encumbered by armour. (ER -2)


Message History

The Executioner hits you but does no damage.
There is a staircase back to the Mines, spattered with blood here.
You block the Executioner's attack.
The Executioner hits you but does no damage.
The Executioner closely misses you.
The Executioner hits you but does no damage.
You block the Executioner's attack.
The Executioner hits you but does no damage.
The deep elf death mage gestures at you while chanting.
The bolt of negative energy hits the Executioner.
The Executioner completely resists.
The bolt of negative energy hits you! You partially resist.
You feel drained.
* * * LOW HITPOINT WARNING * * *
The deep elf zephyrmancer hits you but does no damage.
The +1 scimitar of protection hits you but does no damage.
The salamander completely misses you. The Executioner hits you!
* * * LOW HITPOINT WARNING * * *
The Executioner hits you but does no damage. x2
You climb upwards.
Welcome back to the Orcish Mines!
Beware, you cannot shaft yourself on this level.
There is a staircase to the Elven Halls here.
You slash the salamander! You bite the salamander.
The salamander is lightly wounded.
You hit the deep elf zephyrmancer but do no damage.
The deep elf zephyrmancer casts a spell.
The deep elf zephyrmancer blinks!
You block the salamander's attack.
Unknown command.
You slash the salamander!
The salamander is moderately wounded.
Unknown command.
You completely miss the salamander.
You bite the salamander, but do no damage.
The salamander is moderately wounded.
You block the salamander's attack.
Unknown command.
You slash the salamander! You bite the salamander.
The salamander is heavily wounded.
The deep elf zephyrmancer casts a spell at you.
The bolt of lightning hits you!!
You die...

### ### ##.## ##.## #...##
#...## .....## ###....#
......# ##.....### ......###
#....e...###
........####........<.##
........##......@......##
.................N......##
.........................##
................##........##
..###...........###........##
.#####.<......####..........#
.##....)........#..........##
..###.....................##
..##).....#..............##


You could see a salamander and a deep elf zephyrmancer.

Vanquished Creatures
  Bai Suzhen (Snake:3)
  Vashnia (Snake:4)
  Jorgrun (Snake:2)
  Mlioglotl (Snake:1)
  Agnes (Snake:2)
  Aizul (Snake:3)
  Kirke (Snake:1)
  4 nagarajas (Snake:4)
  An orc warlord (Orc:2)
  2 fire dragons
  5 hydras
  7 salamander tyrants
  An alligator (Lair:5)
  Harold (D:11)
  3 centaur warriors (D:13)
  The ghost of Xavori the Unseen, a journeyman OpCK of Xom (D:9)
  10 anacondas
  7 two-headed ogres
  A death knight (D:13)
  A two-headed ogre (shapeshifter) (D:13)
  3 boulder beetles (D:13)
  A tengu warrior (D:13)
  18 naga warriors
  8 orc high priests
  21 naga sharpshooters
  5 shock serpents
  7 salamander mystics
  2 skysharks
  A skeletal warrior (D:13)
  7 naga ritualists
  5 deep elf pyromancers
  2 deep elf archers
  A phantasmal warrior (Snake:2)
  3 lindwurms
  An oklob plant (Lair:1)
  12 mana vipers
  10 orc knights
  2 deep elf zephyrmancers (Elf:1)
  2 orc sorcerers (Orc:2)
  2 manticores (D:13)
  8 ugly things
  16 salamanders
  2 cyclopes
  A guardian serpent (Snake:2)
  A moth of wrath (D:12)
  A merfolk siren (Lair:2)
  32 black mambas
  3 ice statues (IceCv)
  7 torpor snails
  14 naga magi
  3 elephants (Lair:2)
  Maurice (D:8)
  Jeremiah (D:8)
  2 rime drakes
  12 cane toads
  A gargoyle (D:6)
  6 komodo dragons
  2 spectral nagas (Snake:2)
  A tengu conjurer (D:13)
  2 ice devils (D:12)
  An efreet (D:13)
  12 polar bears
  3 burning bushes (Lair:3)
  11 trolls
  A queen bee (Lair:2)
  3 tyrant leeches (Lair:5)
  7 hornets
  13 blink frogs
  3 raiju
  6 dream sheep
  6 slime creatures
  Sigmund (D:6)
  A shadow (D:10)
  2 wyverns
  A dire elephant simulacrum (IceCv)
  A water elemental (Elf:1)
  62 yaks
  A hog (Snake:1)
  3 wraiths
  4 humans (Snake:1)
  The ghost of cforsyth the Trooper, an amateur DjCK of Xom (D:3)
  2 basilisks (Lair:5)
  A steam dragon (D:9)
  3 death yak simulacra (IceCv)
  A neqoxec (D:9)
  9 vampire mosquitoes
  6 wargs
  14 water moccasins
  A hydra simulacrum (IceCv)
  49 nagas
  2 acid dragons
  14 hell hounds (Lair:5)
  53 orc warriors
  2 ice beasts (D:7)
  2 sky beasts
  11 black bears
  25 wolves
  4 ogres
  8 centaurs
  A phantom (D:6)
  5 kobold brigands
  Blork the orc (D:6)
  13 bullfrogs
  2 gnoll sergeants
  10 scorpions
  A cane toad simulacrum (IceCv)
  4 wights
  An elephant simulacrum (IceCv)
  34 killer bees
  2 howler monkeys
  2 electric eels
  3 quasits (D:9)
  4 jellies
  25 orc priests
  A gnoll bouda (D:8)
  3 sleepcaps
  3 iguanas
  Jessica (D:2)
  17 orc wizards
  4 mummies
  24 gnolls
  7 adders
  A shadow imp (D:7)
  3 white imps
  4 worms
  2 dart slugs (D:3)
  99 orcs
  4 ball pythons
  10 endoplasms
  4 giant cockroaches
  14 goblins
  7 hobgoblins
  8 jackals
  5 quokkas
  15 bats
  4 frilled lizards
  5 goblin zombies
  4 hobgoblin zombies
  26 kobolds
  3 kobold zombies (Ossuary)
  7 rats
  A butterfly (D:11)
1024 creatures vanquished.

Vanquished Creatures (others)
  A black mamba (Snake:4)
1 creature vanquished.

Grand Total: 1025 creatures vanquished

Notes
Turn   | Place    | Note
-------+----------+-------------------------------------------
     0 | D:1      | heikuro the Formicid Fighter began the quest for the Orb.
     0 | D:1      | Reached XP level 1. HP: 18/18 MP: 1/1
    59 | D:1      | Reached XP level 2. HP: 21/24 MP: 2/2
   300 | D:1      | Found a faded altar of an unknown god.
   645 | D:1      | Reached XP level 3. HP: 29/29 MP: 3/3
   882 | D:2      | Reached XP level 4. HP: 37/37 MP: 4/4
   964 | D:2      | Noticed Jessica
   970 | D:2      | Killed Jessica
  1107 | D:2      | Reached XP level 5. HP: 42/42 MP: 5/5
  1181 | D:2      | Reached skill level 5 in Shields
  1323 | D:2      | Reached XP level 6. HP: 16/48 MP: 6/6
  2119 | D:3      | Found a runed translucent gate.
  2119 | D:3      | Found a runed translucent gate.
  2120 | D:3      | Found a runed translucent gate.
  2141 | D:3      | Noticed cforsyth's ghost (amateur DjCK)
  2466 | D:3      | Reached XP level 7. HP: 41/55 MP: 7/7
  2742 | D:4      | Found Heqoth Ijimp's Jewellery Shoppe.
  2818 | D:4      | Reached skill level 5 in Axes
  3108 | D:4      | Found a glowing silver altar of Zin.
  3368 | D:5      | Entered Level 5 of the Dungeon
  3396 | D:5      | Reached skill level 5 in Fighting
  3408 | D:5      | Found a white marble altar of Elyvilon.
  3487 | D:5      | Reached skill level 5 in Armour
  3670 | D:5      | Found a staircase to the Ecumenical Temple.
  3679 | D:5      | Reached XP level 8. HP: 49/62 MP: 8/8
  3683 | Temple   | Entered the Ecumenical Temple
  3697 | Temple   | Became a worshipper of Warmaster Okawaru
  3814 | D:5      | Reached skill level 1 in Invocations
  4150 | D:6      | Noticed Blork the orc
  4167 | D:6      | Killed Blork the orc
  4403 | D:6      | Noticed a gargoyle
  4411 | D:6      | You fall into a shaft and drop 2 floors!
  4551 | D:8      | Noticed a wyvern
  4570 | D:7      | Reached * piety under Okawaru
  4652 | D:7      | Reached XP level 9. HP: 46/69 MP: 9/11
  4664 | D:7      | Found a sand-covered staircase.
  4671 | D:7      | Reached ** piety under Okawaru
  4695 | Ossuary  | Entered an ossuary
  5195 | D:7      | Found a flagged portal.
  5209 | Bailey   | Entered a bailey
  5978 | D:6      | Noticed Sigmund
  5983 | D:6      | Killed Sigmund
  6063 | D:6      | Killed a gargoyle
  6064 | D:6      | Reached XP level 10. HP: 67/79 MP: 11/13
  6173 | D:6      | Found a snail-covered altar of Cheibriados.
  6173 | D:6      | Found a basalt altar of Yredelemnul.
  6450 | D:6      | Found a sacrificial altar of Ru.
  6862 | D:7      | Reached skill level 5 in Invocations
  7093 | D:7      | Reached *** piety under Okawaru
  7591 | D:8      | Noticed Jeremiah
  8042 | D:8      | Reached XP level 11. HP: 86/86 MP: 15/15
  8044 | D:8      | Reached **** piety under Okawaru
  8220 | D:8      | Killed Jeremiah
  8844 | D:3      | Killed cforsyth's ghost
  8845 | D:3      | Reached skill level 10 in Axes
  9046 | D:9      | Noticed Maurice
  9142 | D:8      | Killed Maurice
  9146 | D:8      | Reached skill level 10 in Shields
  9391 | D:9      | Found a broken altar of Ashenzari.
  9471 | D:9      | Found a transporter.
  9473 | D:9      | Noticed Xavori's ghost (journeyman OpCK)
  9501 | D:9      | Found a burning altar of Makhleb.
  9501 | D:9      | Found a blossoming altar of Fedhas.
  9501 | D:9      | Found an ancient bone altar of Kikubaaqudgha.
  9600 | D:9      | Found a transporter.
  9778 | D:10     | Entered Level 10 of the Dungeon
  9864 | D:10     | Found a staircase to the Orcish Mines.
  9937 | D:10     | Noticed a two-headed ogre
  9948 | D:10     | Killed a two-headed ogre
 10152 | D:10     | Noticed a cyclops
 10162 | D:10     | Killed a cyclops
 10162 | D:10     | Reached ***** piety under Okawaru
 10285 | D:10     | Reached XP level 12. HP: 94/95 MP: 17/17
 10590 | D:11     | Noticed Harold
 10614 | D:11     | Killed Harold
 10659 | D:11     | Found a staircase to the Lair.
 10810 | D:11     | Noticed a two-headed ogre
 10821 | D:11     | Killed a two-headed ogre
 11243 | Orc:1    | Entered Level 1 of the Orcish Mines
 11408 | D:11     | Gained mutation: Your body sometimes deteriorates upon
                  | taking damage. [potion of mutation]
 11409 | D:11     | Lost mutation: Your body sometimes deteriorates upon taking
                  | damage. [potion of mutation]
 11409 | D:11     | Gained mutation: Armour fits poorly on your strangely
                  | shaped body. [potion of mutation]
 11409 | D:11     | Gained mutation: You occasionally shout uncontrollably at
                  | your foes. [potion of mutation]
 11409 | D:11     | Gained mutation: You possess an exceptional clarity of
                  | mind. [potion of mutation]
 11409 | D:11     | Gained mutation: You passively map a small area around you.
                  | [potion of mutation]
 11410 | D:11     | Lost mutation: You passively map a small area around you.
                  | [potion of mutation]
 11410 | D:11     | Lost mutation: Armour fits poorly on your strangely shaped
                  | body. [potion of mutation]
 11410 | D:11     | Gained mutation: You are frail. (-10% HP) [potion of
                  | mutation]
 11411 | D:11     | Lost mutation: You possess an exceptional clarity of mind.
                  | [potion of mutation]
 11411 | D:11     | Lost mutation: You are frail. (-10% HP) [potion of
                  | mutation]
 11411 | D:11     | Gained mutation: You have very sharp teeth. [potion of
                  | mutation]
 11411 | D:11     | Gained mutation: Your skin changes colour to match your
                  | surroundings (Stealth+). [potion of mutation]
 11411 | D:11     | Gained mutation: Your movements are slightly less
                  | encumbered by armour. (ER -2) [potion of mutation]
 11498 | D:11     | Received a gift from Okawaru
 11498 | D:11     | Noticed a two-headed ogre
 11503 | D:11     | Killed a two-headed ogre
 11800 | D:11     | Found a white marble altar of Elyvilon.
 11993 | D:12     | Found a frozen archway.
 12009 | D:12     | Received a gift from Okawaru
 12018 | D:12     | Reached skill level 10 in Fighting
 12027 | IceCv    | Entered an ice cave
 12262 | IceCv    | Reached skill level 10 in Armour
 12406 | IceCv    | Reached XP level 13. HP: 82/103 MP: 15/19
 13091 | D:12     | Found a bloodstained altar of Trog.
 13117 | D:12     | Identified the +4 halberd "Weniusir" {heavy, *Corrode rF++
                  | rC+ Dex+2}
 13923 | D:13     | Noticed a centaur warrior
 13936 | D:13     | Killed a centaur warrior
 14200 | D:13     | Noticed a centaur warrior
 14225 | D:13     | Killed a centaur warrior
 14345 | Lair:1   | Entered Level 1 of the Lair of Beasts
 14397 | Lair:1   | Reached skill level 10 in Invocations
 14583 | Lair:1   | Received a gift from Okawaru
 14730 | Lair:1   | Reached XP level 14. HP: 95/113 MP: 21/21
 14731 | Lair:1   | Identified the +0 plate armour "Xuoxtiuc" {rElec} (Okawaru
                  | gifted it to you on level 1 of the Lair of Beasts)
 14731 | Lair:1   | Received a gift from Okawaru
 15425 | Lair:2   | Found a staircase to the Snake Pit.
 15989 | Lair:2   | Found a staircase to the Shoals.
 17800 | Lair:4   | Received a gift from Okawaru
 18474 | Lair:5   | Entered Level 5 of the Lair of Beasts
 18500 | Lair:5   | Reached skill level 15 in Axes
 18507 | Lair:5   | Reached XP level 15. HP: 120/120 MP: 23/23
 18637 | Lair:5   | Found a staircase to the Slime Pits.
 19168 | Lair:5   | Reached ****** piety under Okawaru
 19290 | Lair:5   | Found a runed translucent door.
 19347 | Lair:5   | Received a gift from Okawaru
 20354 | Orc:2    | Entered Level 2 of the Orcish Mines
 20354 | Orc:2    | Found a staircase to the Elven Halls.
 20381 | Orc:2    | Found Pylonume's Distillery.
 21057 | Orc:2    | Reached skill level 15 in Shields
 21057 | Orc:2    | Reached XP level 16. HP: 79/130 MP: 25/25
 21066 | Orc:2    | HP: 6/130 [orc knight/+0 great mace (31)]
 21068 | Arena    | Entered the Arena
 21097 | Arena    | Entered the Arena
 21123 | Arena    | Entered the Arena
 21269 | Orc:2    | Found Jacistof's Jewellery Boutique.
 21269 | Orc:2    | Found Jememigg's Antique Weapon Boutique.
 21270 | Orc:2    | Found Talud's General Store.
 21270 | Orc:2    | Found Caduemp's Distillery.
 21465 | Orc:2    | Identified the +7 chain mail of Leapfrog {-Cast rPois
                  | Str+3}
 21920 | D:13     | Found Mavevokk's General Store.
 22602 | Snake:1  | Entered Level 1 of the Snake Pit
 22609 | Snake:1  | Reached skill level 1 in Evocations
 22618 | Snake:1  | Received a gift from Okawaru
 23054 | Snake:1  | Identified the +1 dagger of Irksome Defiance {flame, rF+
                  | Will+ Dex-4}
 23165 | Snake:1  | Noticed Mlioglotl
 23181 | Snake:1  | Killed Mlioglotl
 23659 | Snake:1  | Found Ihelag's Assorted Antiques.
 23713 | Snake:1  | Noticed Kirke
 23715 | Snake:1  | Reached XP level 17. HP: 139/139 MP: 24/27
 23723 | Snake:1  | Killed Kirke
 23777 | Snake:2  | Found Nosehoi's Jewellery Shoppe.
 23814 | Snake:2  | Bought the ring "Yhumny" {rPois rC- rN+ Int+4 Slay+6} for
                  | 1098 gold pieces
 23894 | Snake:2  | Found a transporter.
 24080 | D:9      | Killed Xavori's ghost
 24708 | Snake:2  | Found a transporter.
 24715 | Snake:2  | Noticed a profane servitor
 24785 | Snake:2  | Identified the +7 chain mail of the Tarantula {rC+ MP+9
                  | Str+3 Int+2} (Okawaru gifted it to you on level 2 of the
                  | Snake Pit)
 24785 | Snake:2  | Received a gift from Okawaru
 24845 | Snake:2  | Noticed a tentacled starspawn
 24853 | Snake:2  | Noticed Agnes
 24864 | Snake:2  | Killed Agnes
 24928 | Snake:2  | Found a one-way gate to the infinite horrors of the Abyss.
 24930 | Snake:2  | Noticed relicbr's ghost (adept TeAE)
 25000 | Snake:2  | Noticed Jorgrun
 25018 | Snake:2  | Killed Jorgrun
 25660 | Snake:3  | Got Fowigak's Essays on the Quake and the Autopsy
 25837 | Snake:3  | Reached skill level 5 in Evocations
 26854 | Snake:3  | Reached XP level 18. HP: 119/148 MP: 29/29
 27299 | Snake:4  | Entered Level 4 of the Snake Pit
 27347 | Snake:4  | Noticed Bai Suzhen
 27382 | Snake:3  | Killed Bai Suzhen
 27548 | Snake:4  | Reached skill level 15 in Fighting
 27870 | Snake:4  | Reached skill level 15 in Invocations
 27872 | Snake:4  | Noticed Vashnia
 28021 | Snake:4  | Killed Vashnia
 28022 | Snake:4  | Reached skill level 15 in Armour
 28600 | Snake:4  | Noticed Aizul
 28621 | Snake:3  | Killed Aizul
 28875 | Snake:4  | Found a runed translucent gate.
 28875 | Snake:4  | Found a runed translucent gate.
 28875 | Snake:4  | Found a runed translucent gate.
 28877 | Snake:4  | Noticed Eshruez's ghost (adept DEIE)
 28877 | Snake:4  | Noticed Miduta's ghost (journeyman DsNe)
 28877 | Snake:4  | Noticed Laelyol's ghost (adept MiBe)
 28877 | Snake:4  | Noticed Roemi Joo's ghost (journeyman FeCK)
 29331 | Snake:4  | Got a serpentine rune of Zot
 29800 | Elf:1    | Entered Level 1 of the Elven Halls
 29815 | Elf:1    | Noticed an Executioner
 29818 | Elf:1    | Noticed an Ice Fiend
 29829 | Orc:2    | Killed from afar by a deep elf zephyrmancer

Illustrated notes

Levels and vault maps discovered:
D:1:      dpeg_arrival_arbitrary_c, layout_loops_corners,
          chequers_ecumenical_altar_island
D:2:      layout_loops_corners, uniq_jessica
D:3:      layout_rooms, gammafunk_ghost_split, minmay_crystal_water
D:4:      layout_cave_pools, mainiacjoe_overflow_alcove_4, serial_shops, shop,
          abandoned_shop, minmay_misc_feat_diagonals, grunt_decor_arrowhead
D:5:      layout_gridville, old_standard_altar, minmay_temple_entry_proselytizer
D:6:      layout_basic, nicolae_ru_the_path_less_chosen,
          gammafunk_temple_overflow_elements, uniq_sigmund, uniq_blork_the_orc
D:7:      layout_cave_pods, enter_bailey_5, nicolae_ossuary_entry_giza,
          amcnicky_mini_pool_medium
D:8:      old_forge, layout_rooms, minmay_increasing_density, uniq_jeremiah
D:9:      layout_rooms, amcnicky_altar_gilded, gammafunk_temple_overflow_claw,
          gammafunk_ghost_stat_death, uniq_maurice
D:10:     layout_irregular_city, orc_0_dummy
D:11:     layout_basic, david_lair_shrubbed, minmay_fountain_box,
          kennysheep_cross_bottleneck, nicolae_elyvilon_peaceful_grove,
          uniq_harold
D:12:     layout_layer_cave, portal_ice_cave_demonic_guard, tgw_trog
D:13:     layout_roguey, serial_shops, shop, kennysheep_cluttered_room,
          minmay_the_grid_square_5x5_3x3_mashed [minmay_the_grid_square_5x5_tie,
          minmay_the_grid_square_5x5_plus, minmay_the_grid_square_5x5_inner_i,
          minmay_the_grid_square_5x5_gyroscope,
          minmay_the_grid_square_5x5_megaprize_checkered,
          minmay_the_grid_square_5x5_spiral_small,
          minmay_the_grid_square_5x5_eight_small,
          minmay_the_grid_square_5x5_misaligned,
          minmay_the_grid_square_5x5_two_walls_a]
Temple:   cyrus_circular_temple
Lair:1:   layout_misc_corridors, minmay_lair_oklob_items, grunt_megastairs_5
Lair:2:   layout_roguey, elwin_shoals_entry_rooms, alex1729_snake_entry_snake,
          special_room [special_room_bee], dreamdust_mushroom_princess,
          dreamdust_deal_with_the_devil, lemuel_fruit_tree
Lair:3:   layout_cave_pods, evilmike_ambush [evilmike_ambush_outer_basic,
          evilmike_ambush_inner_pond]
Lair:4:   layout_cave_pods, st_stairs_6, grunt_forest_small_clearing_treed
Lair:5:   wormcave, layout_hall_layers, hangedman_lair_caniforms_friends,
          nicolae_slime_entry_field_trip, hangedman_lair_unloving_vines
Snake:1:  layout_concentric_octagons, serial_shops, shop, grunt_ministairs_3,
          uniq_kirke, uniq_mlioglotl
Snake:2:  layout_gridlike, gammafunk_ghost_abyssal_escape, serial_shops, shop,
          nicolae_snake_slithery_corners, drop_trap,
          nicolae_snake_ghostly_warrior_ritual, uniq_jorgrun, uniq_agnes
Snake:3:  layout_cave_town, nicolae_snake_magic_snake_eye
Snake:4:  minmay_snake_end_coiled, layout_grid_shapes, gammafunk_ghost_cemetery,
          uniq_aizul, uniq_vashnia, uniq_bai_suzhen
Orc:1:    layout_caves, special_room [special_room_orc], mines2_david
Orc:2:    st_orc_pillars, layout_diamond_mine, serial_shops,
          nicolae_shop_crystal, elf_legates
Elf:1:    layout_rooms, minmay_elf_demonology, grunt_megastairs_4

Skill      XL: |  1  2  3  4  5  6  7  8  9 10 11 12 13 14 15 16 17 18 |
---------------+-------------------------------------------------------+-----
Axes           | 3 4 5 6 8 9 11 12 13 15 16 17 | 17.7
Fighting       | 4 5 6 7 8 9 10 11 12 13 14 15 | 15.4
Armour         | 4 5 6 7 9 10 11 12 13 14 15 | 15.3
Shields        | 5 6 7 8 9 10 11 12 13 15 16 17 | 17.7
Invocations    | 2 4 6 7 9 10 11 12 14 15 | 15.4
Evocations     | 3 5 7 |  7.2

Action                     |  1- 3 |  4- 6 |  7- 9 | 10-12 | 13-15 | 16-18 || total
---------------------------+-------+-------+-------+-------+-------+-------++-------
  Melee: War axe           |   112 |    81 |       |   108 |   704 |  1104 ||  2109
         Whip              |       |    58 |   167 |    56 |   182 |    24 ||   487
         Glaive            |       |       |   173 |   331 |   386 |    27 ||   917
         Broad axe         |       |       |       |   107 |       |       ||   107
         Bite              |       |       |       |    16 |   134 |   197 ||   347
         Halberd           |       |       |       |       |     8 |       ||     8
         Lajatang          |       |       |       |       |       |     5 ||     5
  Throw: Dart              |       |       |       |     2 |       |       ||     2
 Invoke: Heroism           |       |       |     3 |    15 |    21 |    29 ||    68
         Duel              |       |       |       |       |       |     3 ||     3
         Finesse           |       |       |       |       |       |     4 ||     4
Ability: Shaft Self        |       |       |     1 |       |       |       ||     1
         Dig               |       |       |       |       |     2 |       ||     2
    Use: Scroll            |       |       |     1 |    11 |     9 |     7 ||    28
         Potion            |       |       |       |     4 |       |     1 ||     5
   Stab: Sleeping          |       |       |       |       |       |     1 ||     1
 Armour: Scale mail        |    92 |    50 |       |       |       |       ||   142
         Chain mail        |       |    66 |   219 |       |       |   109 ||   394
         Storm dragon scal |       |       |    18 |   652 |   499 |       ||  1169
         Plate armour      |       |       |     1 |       |   476 |   710 ||  1187
         Skin              |       |       |       |     3 |       |       ||     3
  Dodge: Dodged            |    65 |    71 |   129 |   270 |   445 |   228 ||  1208
  Block: Buckler           |    39 |    38 |   121 |   254 |       |       ||   452
         Kite shield       |       |       |       |     6 |  1098 |   957 ||  2061

Table legend: (Time is in decaauts)
 A = Elapsed time spent in this place.
 B = Non-inter-level travel time spent in this place.
 C = Inter-level travel time spent in this place.
 D = Time resting spent in this place.
 E = Time spent auto-exploring this place.
 F = Levels seen in this place.
 G = Mean time per level.
                   A        B        C        D        E       F      G
               +--------+--------+--------+--------+--------+-----+--------+
         Total |  30293 |  27688 |   2605 |   3239 |  13392 |  32 |  946.7 |
       Dungeon |  14000 |  12856 |   1144 |   1329 |   7109 |  13 | 1076.9 |
        Temple |     25 |     25 |      0 |      0 |      0 |   1 |   25.0 |
          Lair |   6103 |   5271 |    832 |    135 |   3201 |   5 | 1220.6 |
     Snake Pit |   6622 |   6139 |    483 |   1123 |   1740 |   4 | 1655.5 |
  Orcish Mines |   1739 |   1596 |    143 |    107 |    814 |   2 |  869.5 |
   Elven Halls |     21 |     21 |      0 |      0 |      0 |   1 |   21.0 |
       Ossuary |    511 |    511 |      0 |     96 |    269 |   1 |  511.0 |
        Bailey |    524 |    524 |      0 |      4 |    241 |   1 |  524.0 |
      Ice Cave |    684 |    684 |      0 |    399 |     16 |   1 |  684.0 |
         Arena |     59 |     59 |      0 |     46 |      0 |   3 |   19.7 |
               +--------+--------+--------+--------+--------+-----+--------+

Top non-repeatable levels by time:
 Snake:3: 2140 daAuts
 Snake:4: 1919 daAuts
     D:8: 1584 daAuts
    D:11: 1479 daAuts
 Snake:2: 1431 daAuts
  Lair:2: 1402 daAuts
     D:7: 1387 daAuts
    D:12: 1384 daAuts
  Lair:5: 1290 daAuts
  Lair:4: 1227 daAuts
   Orc:2: 1167 daAuts
 Snake:1: 1130 daAuts
     D:2: 1123 daAuts
  Lair:1: 1114 daAuts
    D:13: 1112 daAuts
